 Dungeon Crawl Stone Soup version 0.29-a0-330-g52719c12eb (webtiles) character file.

Game seed: 7794325372201373365

119 Aelig the Insei (level 5, 0/37 HPs)
             Began as a Djinni Transmuter on May 17, 2022.
             Killed from afar by an orc wizard (6 damage)
             ... with a magic dart
             ... on level 3 of the Dungeon.
             The game lasted 00:05:28 (2573 turns).

Aelig the Insei (Djinni Transmuter)                 Turns: 2573, Time: 00:05:28

Health: 0/37       AC:  3    Str:  9    XL:     5   Next: 23%
Gold:   149        EV: 12    Int: 17    God:
                   SH:  0    Dex: 13

rFire   + + .      SeeInvis .     - Unarmed
rCold   x . .      Faith    .   (no shield)
rNeg    . . .      Spirit   .   a - +0 robe
rPois   ∞          Reflect  .   (helmet currently unavailable)
rElec   .          Harm     .   (no cloak)
rCorr   .          Rampage  .   h - +0 pair of gloves
Will    .....                   (boots unavailable)
Stlth   +.........              (no amulet)
HPRegen 0.12/turn               j - ring of wizardry
MPRegen 0.00/turn               (no ring)

@: appendages (expiring), flying
A: horns 2, flying, sickness immunity, fire resistance 2, cold vulnerability 1,
float, innate caster, HP casting, extra vitality 1
a: End Transformation


You were on level 3 of the Dungeon.
You had temporarily grown beastly horns.
You visited 1 branch of the dungeon, and saw 3 of its levels.

You collected 149 gold pieces.

Inventory:

Missiles
 d - 41 stones (quivered)
Armour
 a - a +0 robe (worn)
 h - a +0 pair of gloves (worn)
Jewellery
 j - a ring of wizardry (left hand)
Scrolls
 c - a scroll of vulnerability {unknown}
 e - a scroll of enchant weapon
 g - a scroll of teleportation {unknown}
 i - a scroll of magic mapping
 m - a scroll of blinking
Potions
 b - a potion of lignification
 f - 2 potions of curing
 k - a potion of flight {unknown}
 l - a potion of berserk rage {unknown}


   Skills:
 - Level 1.0 Fighting
 - Level 2.1 Dodging
 * Level 4.8 Unarmed Combat
 + Level 2.5 Spellcasting


You couldn't memorise any spells.
You knew the following spells:

 Your Spells              Type           Power      Damage    Failure   Level
a - Beastly Appendage     Tmut           20%        N/A       2%          1
b - Wereblood             Tmut           10%        N/A       4%          2
c - Spider Form           Tmut/Pois      10%        N/A       9%          3
d - Ice Form              Ice/Tmut       10%        N/A       26%         4
e - Animate Skeleton      Necr           20%        N/A       2%          1
f - Poisonous Vapours     Pois/Air       20%        N/A       4%          2
Your spell library was empty.

Dungeon Overview and Level Annotations

Branches:
Dungeon (3/15)

Altars:
Fedhas

Shops:
D:1 (


Innate Abilities, Weirdness & Mutations

You have temporarily grown beastly horns.
You are flying.
You are immune to sickness and miasma.
You are immune to poison.
Your flesh is very heat resistant. (rF++)
You are vulnerable to cold. (rC-)
You float through the air rather than walking.
You learn spells naturally, not from books.
Your magical power is your life essence.
You have superior vitality. (+4 MHP)


Message History

You miss something. Something barely misses you.
You hit something but do no damage.
An orc wizard appears from thin air!
Reactivating autopickup.
The orc wizard barely misses you.
Casting: Beastly Appendage (safe; 2% risk of failure)
Confirm with . or Enter, or press ? or * to list all spells.
You grow a pair of large bovine horns.
The orc wizard completely misses you.
You hit the orc wizard but do no damage.
The orc wizard is severely wounded.
The orc wizard hits you but does no damage.
You hit the orc wizard. Your headbutt misses the orc wizard.
The orc wizard is severely wounded.
The orc wizard hits you with a +0 dagger.
You hit the orc wizard but do no damage.
The orc wizard is severely wounded.
The orc wizard gestures wildly while chanting.
The orc wizard flickers and vanishes!
Deactivating autopickup; reactivate with Ctrl-A.
You closely miss something. Something hits you.
You hit something. Something hits you.
* * * LOW HITPOINT WARNING * * *
You hit something but do no damage. Your headbutt misses something.
You barely miss something. Something hits you but does no damage.
You miss something. Something hits you but does no damage.
You barely miss something. Your punch misses something. Something hits you.
* * * LOW HITPOINT WARNING * * *
You closely miss something. Something barely misses you.
You barely miss something. Something hits you.
* * * LOW HITPOINT WARNING * * *
You hit something but do no damage.
Your transformation is almost over.
You hear some strange, mumbled words.
A magic dart appears from out of thin air!
The magic dart hits you.
* * * LOW HITPOINT WARNING * * *
You barely miss something. Your headbutt misses something.
You hear some strange, mumbled words.
A magic dart appears from out of thin air!
The magic dart hits you.
You die...

...# #.#
#.#### #.# #
#.# #.# #.#
#.# #.# #.#
#@# ##{##
#†).#
.......#...#
.##.##...#.#
# ##.##.# ..
. ### ##


There were no monsters in sight!

Vanquished Creatures
  An orc wizard (D:3)
  2 adders
  2 dart slugs (D:1)
  2 orcs (D:3)
  4 endoplasms
  6 giant cockroaches
  9 goblins
  5 hobgoblins
  4 jackals (D:2)
  6 kobolds
  2 quokkas
  4 ball pythons
  5 bats
  3 frilled lizards
  9 rats
64 creatures vanquished.

Notes
Turn   | Place    | Note
-------+----------+-------------------------------------------
     0 | D:1      | Aelig the Djinni Transmuter began the quest for the Orb.
     0 | D:1      | Reached XP level 1. HP: 17/17 MP: 0/0
   126 | D:1      | Reached XP level 2. HP: 21/22 MP: 0/0
   675 | D:1      | Reached XP level 3. HP: 26/27 MP: 0/0
   675 | D:1      | Learned a level 1 spell: Animate Skeleton
   700 | D:1      | Found Wusoin's Antique Weapon Emporium.
  1080 | D:1      | Reached skill level 4 in Unarmed Combat
  1309 | D:2      | Found a faded altar of an unknown god.
  1516 | D:2      | Reached XP level 4. HP: 30/32 MP: 0/0
  1599 | D:2      | Found a blossoming altar of Fedhas.
  2538 | D:3      | Reached XP level 5. HP: 26/37 MP: 0/0
  2538 | D:3      | Learned a level 2 spell: Poisonous Vapours
  2573 | D:3      | Killed from afar by an orc wizard

Illustrated notes

Levels and vault maps discovered:
D:1:      dpeg_arrival_ternary, layout_loops_ring, serial_shops,
          nicolae_shop_overgrown_old_shop, minmay_heptomino_w4
D:2:      layout_loops_ring, nicolae_ecumenical_oubliette, basic_altar,
          st_stairs_11
D:3:      layout_loops_ring, serial_shops, shop, uniq_sigmund, uniq_terence

Skill      XL: |  1  2  3 |
---------------+----------+-----
Spellcasting   | 2 |  2.5
Unarmed Combat | 4 |  4.8
Fighting       | |  1.0
Dodging        | |  2.1

Action                   |  1- 3 |  4- 6 || total
-------------------------+-------+-------++-------
Melee: Unarmed           |   111 |   128 ||   239
       Headbutt          |    15 |    18 ||    33
       Punch             |     4 |     5 ||     9
 Cast: Beastly Appendage |    17 |    15 ||    32
       Wereblood         |     1 |     4 ||     5
       Animate Skeleton  |       |     7 ||     7
  Use: Scroll            |       |     4 ||     4
       Potion            |       |     1 ||     1
Armor: Robe              |    11 |    31 ||    42
Dodge: Dodged            |    68 |    71 ||   139

Table legend: (Time is in decaauts)
 A = Elapsed time spent in this place.
 B = Non-inter-level travel time spent in this place.
 C = Inter-level travel time spent in this place.
 D = Time resting spent in this place.
 E = Time spent auto-exploring this place.
 F = Levels seen in this place.
 G = Mean time per level.
                   A        B        C        D        E       F      G
               +--------+--------+--------+--------+--------+-----+--------+
         Total |   2556 |   2470 |     86 |    690 |   1123 |   3 |  852.0 |
       Dungeon |   2556 |   2470 |     86 |    690 |   1123 |   3 |  852.0 |
               +--------+--------+--------+--------+--------+-----+--------+

Top non-repeatable levels by time:
     D:1: 1301 daAuts
     D:2: 1127 daAuts
     D:3: 127 daAuts
